 Dungeon Crawl Stone Soup version 0.29-a0-330-g52719c12eb (webtiles) character file.

Game seed: 13851353369253760853

3 night the Shooter (level 1, 16/16 HPs)
             Began as a Formicid Hunter on May 10, 2022.
             Got out of the dungeon alive.
             The game lasted 00:00:51 (706 turns).

night the Shooter (Formicid Hunter)                  Turns: 706, Time: 00:00:52

Health: 16/16      AC:  3    Str: 15    XL:     1   Next: 55%
Magic:  1/1        EV: 12    Int:  8    God:
Gold:   48         SH:  0    Dex: 14    Spells: 0/0 levels left

rFire   . . .      SeeInvis +   a - +1 shortbow
rCold   . . .      Faith    .   (no shield)
rNeg    . . .      Spirit   .   b - +0 leather armour
rPois   .          Reflect  .   (helmet unavailable)
rElec   .          Harm     .   (no cloak)
rCorr   .          Rampage  .   (no gloves)
Will    .....                   (no boots)
Stlth   ++........              (no amulet)
HPRegen 0.05/turn               (no ring)
MPRegen 0.07/turn               (no ring)

@: no status effects
A: permanent stasis, dig shafts and tunnels, antennae 3, four strong arms
a: Dig, Shaft Self


You escaped.
You visited 1 branch of the dungeon, and saw 1 of its levels.

You collected 48 gold pieces.

Inventory:

Hand Weapons
 a - a +1 shortbow (weapon)
Missiles
 f - 54 stones
 h - 3 javelins
 k - 4 poisoned darts
Armour
 b - a +0 leather armour (worn)
Scrolls
 c - a scroll of immolation
 d - a scroll of fog {unknown}
 e - 2 scrolls of identify {unknown}
 j - a scroll of amnesia {unknown}
Potions
 g - a potion of might {unknown}
 i - a potion of brilliance {unknown}


   Skills:
 + Level 2.2 Fighting
 + Level 3.3 Bows
 + Level 1.8 Dodging
 + Level 1.4 Stealth


You couldn't memorise any spells.
You didn't know any spells.
Your spell library was empty.

Dungeon Overview and Level Annotations

Branches:
Dungeon (1/15)

Altars:
Sif Muna


Innate Abilities, Weirdness & Mutations

You cannot be hasted, slowed, berserked, paralysed or teleported.
You can dig through walls and to a lower floor.
You have a pair of large antennae on your head. (SInv)
Your four strong arms can wield two-handed weapons with a shield.


Message History

h - 3 javelins
f - 32 stones (gained 14)
You open the door.
There is an open door here.
You now have 15 gold pieces (gained 10).
i - a coppery potion You now have 26 gold pieces (gained 11).
f - 54 stones (gained 22)
You now have 39 gold pieces (gained 13).
Found a stone staircase leading down.
There is a stone staircase leading down here.
Found a leather armour.
You see here a +0 leather armour.
You now have 43 gold pieces (gained 4).
j - a scroll labelled KIOFRA ENIPPEK
k - 4 poisoned darts You open the door.
You see here a +0 club.
You open the door.
There is an open door here.
You now have 48 gold pieces (gained 5).
e - 2 scrolls labelled ZEMAIQ WODOS (gained 1) As you open the door, it creaks loudly!
Really renounce your faith, foregoing its fabulous benefits?
Are you sure? [Y]es or [N]o only, please.
Are you sure?
You have lost your religion!
Sif Muna does not appreciate desertion!
There is an open door here.
Done exploring.
Done exploring.
(D) Dungeon
Where to? (? - help)
Okay, then.
There is an open door here.
There is a staircase leading out of the dungeon here.
You can't go down here!
Are you sure you want to leave the Dungeon?
This will make you lose the game!
You have escaped!

#.###.#.###.##.......
#.###.#.#............
#.....#.....#.#......
#############.#......
#....#.# #.#......
#.##.'.# #.#######
#....#.###.#
#....#.....#######
#@...+..##........
#....#.###########
#....#.# #.##.+.#
#....#.#
##################
#...............
####...............
#.........#########


There were no monsters in sight!

Vanquished Creatures
  A bat (D:1)
  A frilled lizard (D:1)
  A goblin (D:1)
  A kobold (D:1)
4 creatures vanquished.

Notes
Turn   | Place    | Note
-------+----------+-------------------------------------------
     0 | D:1      | night the Formicid Hunter began the quest for the Orb.
     0 | D:1      | Reached XP level 1. HP: 16/16 MP: 1/1
   186 | D:1      | Found a faded altar of an unknown god.
   210 | D:1      | Prayed at the altar of an unknown god.
   210 | D:1      | Became a worshipper of Sif Muna the Loreminder
   210 | D:1      | Reached * piety under Sif Muna
   600 | D:1      | Fell from the grace of Sif Muna
   706 | D:$      | Got out of the dungeon alive.

Illustrated notes

Levels and vault maps discovered:
D:1:      lemuel_arrival_behind_the_door_small, layout_basic,
          basic_ecumenical_altar

Action                   || total
-------------------------++-------
 Fire: Shortbow          ||     8
Invok: Renounce Religion ||     1
Armor: Leather armour    ||     1
Dodge: Dodged            ||     1

Table legend: (Time is in decaauts)
 A = Elapsed time spent in this place.
 B = Non-inter-level travel time spent in this place.
 C = Inter-level travel time spent in this place.
 D = Time resting spent in this place.
 E = Time spent auto-exploring this place.
 F = Levels seen in this place.
 G = Mean time per level.
                   A        B        C        D        E       F      G
               +--------+--------+--------+--------+--------+-----+--------+
         Total |    709 |    659 |     50 |      0 |    619 |   1 |  709.0 |
       Dungeon |    709 |    659 |     50 |      0 |    619 |   1 |  709.0 |
               +--------+--------+--------+--------+--------+-----+--------+

Top non-repeatable levels by time:
     D:1: 709 daAuts
